Ben, chaotic male elven Wizard ---------------- ------ #............)..| ----------- |.{...#######|..............-# #-....>....| |....| # -|-------.---+--#@##|.........| |...<. aa -.--------- |....| ------ . |. |. --- Ben the Conjurer Experience level: 5 Strength: 10 Dexterity: 13 Constitution: 15 Intelligence: 20 Wisdom: 10 Charisma: 9 Health: 0(30) Energy: 48(58) AC: 8 Gold: 476 Moves: 2431 Your Inventory: Coins $ - 476 gold pieces Weapons a - a blessed +2 quarterstaff (weapon in hands) Armor b - an uncursed +0 cloak of magic resistance (being worn) x - an uncursed +0 pair of riding gloves [gauntlets of dexterity] (being worn) G - an uncursed -2 ring mail H - an uncursed -1 pair of buckled boots [fumble] Comestibles r - an [uncursed] cram ration s - an [uncursed] lichen corpse A - an [uncursed] orange F - 2 [uncursed] tripe rations Scrolls j - an uncursed scroll of identify n - an uncursed scroll of flood v - an uncursed scroll of earth w - an uncursed scroll of magic mapping Spellbooks k - a blessed spellbook of force bolt l - an uncursed spellbook of cure blindness Potions f - a blessed potion of oil h - an uncursed potion of sleeping t - an uncursed potion of booze u - an uncursed potion of polymorph B - an uncursed potion of enlightenment Rings d - an uncursed ring of invisibility e - an uncursed ring of polymorph Wands c - an uncursed wand of undead turning (0:8) J - an [uncursed] marble wand [of teleportation (0:4)] Tools m - an uncursed bell Gems q - an uncursed worthless piece of orange glass z - an uncursed worthless piece of violet glass I - 2 [uncursed] white gems [opal] Spells known in the end: Name Level Category Fail Memory a - force bolt 1 attack 0% [||||||||] b - cure blindness 2 healing 39% [||||||||] Your skills at the end: Fighting Skills Weapon Skills quarterstaff [Basic / Expert] Spellcasting Skills attack spells [Basic / Expert] enchantment spells [Basic / Skilled] Final Attributes: You were piously aligned. Hunger level was 153. Your alignment was 21 / 22. Monster difficulty range was 0 - 5. Level difficulty was 5. You were immune to sleep. You were magic-protected. You saw invisible. You were telepathic. You had infravision. Your luck was zero. You are dead. Vanquished creatures: 2 floating eyes a homunculus 2 rothes 2 iguanas 2 giant rats a brown mold a yellow mold 2 gnome zombies 2 geckos 5 jackals a fox 4 grid bugs 4 lichens a kobold zombie 4 newts 34 creatures vanquished. Voluntary challenges: You used a wielded weapon 32 times. You read items or engraved 5 times. You put on armor 7 times. You never genocided any monsters. You never polymorphed an object. You never changed form. You used no wishes. You never wrote Elbereth's name. You never encountered a bones level. You never used any Sokoban shortcuts. Dungeon overview: The Dungeons of Doom: levels 1 to 5 Level 1 a long staircase Level 2 a long staircase Level 3 an altar to Anhur Level 4 an armor shop Level 5 <- You were here a fountain History has recorded: On T:1 you entered the Dungeons of Doom to retrieve the Amulet of Yendor! On T:464 you reached level 2 of The Dungeons of Doom. On T:734 you advanced to experience level 2. On T:1020 you advanced to experience level 3. On T:1118 you reached level 3 of The Dungeons of Doom. On T:1386 you advanced to experience level 4. On T:1862 you reached level 4 of The Dungeons of Doom. On T:1872 you advanced to experience level 5. On T:2334 you reached level 5 of The Dungeons of Doom. Latest messages: Your surroundings suddenly seem different. You miss the giant ant. The giant ant bites! (3x) [HP-4=26] You miss the giant ant. The giant ant bites! (2x) [HP-3=23] You hit the giant ant. The giant ant bites! (4x) [HP-10=13] The spell misses the giant ant. The giant ant bites! (2x) [HP-5=8] The spell misses the giant ant. The giant ant bites! (4x) You die... Final status: Goodbye Ben the Wizard... You died in The Dungeons of Doom on dungeon level 5 with 1101 points, and 476 pieces of gold, after 2431 moves. You were level 5 with a maximum of 30 hit points when you died.